 Dungeon Crawl Stone Soup version 0.25.0-26-g0c896c7088 (webtiles) character file.

Game seed: 15403412746181419747

214 lepoulpe303 the Charmwright (level 5, 0/39 HPs)
             Began as a Merfolk Skald on June 30, 2020.
             Splashed by a jelly's acid (8 damage)
             ... on level 3 of the Dungeon.
             The game lasted 00:12:56 (4542 turns).

lepoulpe303 the Charmwright (Merfolk Skald)         Turns: 4542, Time: 00:12:56

Health: 0/39       AC: -12   Str: 13    XL:     5   Next: 91%
Magic:  7/10       EV: 13    Int: 12    God:
Gold:   142        SH:  0    Dex: 13    Spells: 5/10 levels left

rFire    . . .     SeeInvis .   a - +0 spear
rCold    . . .     Gourm    .   (no shield)
rNeg     . . .     Faith    .   b - +0 leather armour
rPois    .         Spirit   .   (no helmet)
rElec    .         Reflect  .   (no cloak)
rCorr    .         Harm     .   j - -2 pair of gloves (curse)
MR       .....                  h - +0 pair of boots
Stlth    +.........             (no amulet)
HPRegen  0.13/turn              (no ring)
MPRegen  0.12/turn              (no ring)

@: infused, corroded
A: change form in water, swift swim, stealthy swim
a: no special abilities


You were on level 3 of the Dungeon.
You were not hungry.

You visited 1 branch of the dungeon, and saw 3 of its levels.

You collected 142 gold pieces.

Inventory:

Hand Weapons
 a - a +0 spear (weapon)
Missiles
 c - 3 boomerangs
 k - 7 javelins (quivered)
Armour
 b - a +0 leather armour (worn)
 h - a +0 pair of boots (worn)
 j - a cursed -2 pair of gloves (worn)
Scrolls
 f - 3 scrolls of amnesia
 g - a scroll of fear
 i - 3 scrolls of identify
 l - a scroll of immolation {!r}
Comestibles
 d - 2 chunks of flesh
 e - 4 rations


   Skills:
 + Level 2.7 Fighting
 + Level 4.0 Polearms
 + Level 1.4 Armour
 + Level 3.5 Dodging
 * Level 3.3 Spellcasting
 * Level 4.4 Charms
 + Level 0.5 Translocations


You had 5 spell levels left.
You knew the following spells:

 Your Spells              Type           Power        Failure   Level  Hunger
a - Infusion              Chrm           ##..         4%          1    #......
s - Shroud of Golubria    Chrm/Tloc      #.....       16%         2    ##.....
S - Song of Slaying       Chrm           ##......     7%          2    ##.....

Your spell library contained the following spells:

 Spells                   Type           Power        Failure   Level  Hunger
 Ozocubu's Armour         Chrm/Ice       #.......     34%         3    ###....
 Spectral Weapon          Hex/Chrm       #.......     34%         3    ###....


Dungeon Overview and Level Annotations

Branches:
Dungeon (3/15)

Altars:
Qazlal

Annotations:
D:3 Natasha


Message History

Items here: ( )) [ a +0 dagger; a +0 hunting sling; a +0 ring mail; 52 stones You see here a stone.
You begin infusing your attacks with magical energy.
The jelly hits you.
* * * LOW HITPOINT WARNING * * *
The acid corrodes you!
You are splashed with acid.
* * * LOW HITPOINT WARNING * * *
You take 8 damage, and have 13/39 hp.
MASSIVE DAMAGE!!
You now have 9/10 mp.
You hit the jelly. The acid corrodes you!
Your hands burn!
* * * LOW HITPOINT WARNING * * *
You now have 8/10 mp.
You hit the jelly.
Your hands burn!
* * * LOW HITPOINT WARNING * * *
The jelly hits you.
* * * LOW HITPOINT WARNING * * *
The acid corrodes you!
You are splashed with acid!
You die...

# .. ##### .# #...#
###### .# #...#
#....#####.##..
#...###..............
#...÷.'.........###
#...###)....#...'.+
#...<@J####.#...###
#.....(####.#...###
#....#.#....#...+J+ .
##...#.#.#..#...### ..
#....#.#.#..'...###...
#....#.#.##.#...÷.'..#
#.)..+.#...>'...######
#....########.......#
#....# #.......#


You could see a jelly.

Levels and vault maps discovered:
D:1:      dpeg_chamrin_arrival_tetris, layout_basic
D:2:      layout_loops_ring
D:3:      layout_basic, overflow_temple_1_default, okawaru_trees_1,
          dk_xom_monty_hall, uniq_natasha

Notes
Turn   | Place    | Note
-------+----------+-------------------------------------------
     0 | D:1      | lepoulpe303 the Merfolk Skald began the quest for the Orb.
     0 | D:1      | Reached XP level 1. HP: 16/16 MP: 3/3
   217 | D:1      | Identified a +0 whip
   268 | D:1      | Reached XP level 2. HP: 11/22 MP: 5/5
   426 | D:1      | Identified a +0 dagger
   429 | D:1      | Identified a +0 club
   522 | D:1      | Identified a +0 club
   523 | D:1      | Identified a +0 club
   581 | D:1      | Identified a +0 club
   715 | D:1      | Reached XP level 3. HP: 12/28 MP: 6/6
   969 | D:1      | Identified a +0 club
  1083 | D:1      | Identified a +0 club
  1098 | D:1      | Identified a cursed -2 pair of gloves (You found it on
                  | level 1 of the Dungeon)
  1337 | D:1      | Identified a scroll of fear
  1338 | D:1      | Identified a scroll of identify
  1338 | D:1      | Identified a scroll of amnesia
  1369 | D:2      | Reached skill level 1 in Armour
  1369 | D:2      | Reached skill level 3 in Dodging
  1467 | D:2      | Identified a +0 club
  1631 | D:2      | Reached XP level 4. HP: 20/34 MP: 7/7
  1787 | D:2      | Reached skill level 4 in Charms
  1794 | D:2      | HP: 7/34 [jackal (2)]
  1799 | D:2      | Identified 2 potions of haste
  1799 | D:2      | HP: 6/34 [poisoned by an adder]
  1804 | D:2      | HP: 5/34 [poisoned by an adder]
  1810 | D:2      | HP: 4/34 [poisoned by an adder]
  1816 | D:2      | HP: 4/34 [poisoned by an adder]
  1822 | D:2      | HP: 3/34 [poisoned by an adder]
  2114 | D:2      | Identified a +0 club
  2200 | D:2      | Identified a +0 robe
  2200 | D:2      | Identified a cursed -4 ring of strength
  2205 | D:2      | Identified a +0 hand axe
  2205 | D:2      | Identified a +0 scale mail
  2207 | D:2      | Identified a +0 club
  2235 | D:2      | HP: 3/34 [hobgoblin/+0 club (6)]
  2242 | D:2      | HP: 2/34 [poisoned by an adder]
  2248 | D:2      | HP: 1/34 [poisoned by an adder]
  2603 | D:2      | Identified a +0 club
  2701 | D:2      | Identified a +0 dagger
  2701 | D:2      | Identified a +0 dagger
  2895 | D:2      | Identified a +0 pair of boots (You found it on level 2 of
                  | the Dungeon)
  2895 | D:2      | Identified a scroll of immolation
  2985 | D:2      | Identified a +0 dagger
  3038 | D:2      | Reached skill level 3 in Spellcasting
  3142 | D:2      | Reached XP level 5. HP: 31/39 MP: 9/9
  3149 | D:2      | Identified a +0 dagger
  3174 | D:2      | Learned a level 2 spell: Song of Slaying
  3177 | D:2      | Learned a level 2 spell: Shroud of Golubria
  3389 | D:3      | Found a stormy altar of Qazlal.
  3390 | D:3      | Identified a +0 hand axe
  3390 | D:3      | Identified a +0 club
  3390 | D:3      | Identified a +0 dagger
  3390 | D:3      | Identified a +0 mace
  3392 | D:3      | lepoulpe303: !whichgod mfsk
  3392 | D:3      | meem: 37 recent wins for mfsk: 6x Fedhas, 6x Okawaru, 5x
                  | Cheibriados, 4x Yredelemnul, 4x The Shining One, 2x
                  | Hepliaklqana, 2x Gozag, 2x Ru, Zin, Dithmenos, Elyvilon,
                  | Qazlal, Trog, Uskayaw
  3504 | D:3      | Identified a +0 vorpal hand axe
  3506 | D:3      | Identified a +0 short sword
  3506 | D:3      | Identified a +0 leather armour
  3507 | D:3      | Identified a +0 mace
  3507 | D:3      | Identified a +0 ring mail
  3543 | D:3      | Identified a +1 vampiric short sword
  3544 | D:3      | Identified a +0 flail
  3613 | D:3      | Noticed Natasha
  3730 | D:3      | Identified a +0 dagger
  4133 | D:3      | Identified a +0 dagger
  4133 | D:3      | Identified a +0 hunting sling
  4133 | D:3      | Identified a +0 ring mail
  4160 | D:3      | Reached skill level 4 in Polearms
  4542 | D:3      | HP: 8/39 [jelly (3)]
  4542 | D:3      | Splashed by a jelly's acid

Table legend:
 A = Turns spent in this place as a percentage of turns spent in the entire game.
 B = Non-inter-level travel turns spent in this place as a percentage of non-inter-level travel turns spent in the entire game.
 C = Inter-level travel turns spent in this place as a percentage of turns spent in this place.
 D = Turns resting spent in this place as a percentage of non-inter-level travel turns spent in this place.
 E = Turns spent auto-exploring this place as a percentage of non-inter-level travel turns spent in this place.
 F = Non-inter-level travel turns spent in this place divided by the number of levels of this place that you've seen.
                   A       B       C       D       E      F
               +-------+-------+-------+-------+-------+----------------------
         Total | 100.0 | 100.0 |   5.0 |  46.5 |  28.8 | 1438.0
       Dungeon | 100.0 | 100.0 |   5.0 |  46.5 |  28.8 | 1438.0
               +-------+-------+-------+-------+-------+----------------------

Table legend:
 A = Kills in this place as a percentage of kills in entire the game.
 B = Kills by you in this place as a percentage of kills by you in the entire game.
 C = Kills by friends in this place as a percentage of kills by friends in the entire game.
 D = Other kills in this place as a percentage of other kills in the entire game.
 E = Experience gained in this place as a percentage of experience gained in the entire game.
 F = Experience gained in this place divided by the number of levels of this place that you have seen.
                   A       B       C       D       E      F
               +-------+-------+-------+-------+-------+----------------------
         Total | 100.0 | 100.0 |   N/A |   N/A | 100.0 | 102.0
       Dungeon | 100.0 | 100.0 |   N/A |   N/A | 100.0 | 102.0
               +-------+-------+-------+-------+-------+----------------------

Skill      XL: |  1  2  3  4  5 |
---------------+----------------+-----
Armour         | 1 |  1.4
Dodging        | 3 |  3.5
Charms         | 4 |  4.4
Spellcasting   | 3 |  3.3
Polearms       | 4 |  4.0
Fighting       | |  2.7
Translocations | |  0.5

Action                   |  1- 3 |  4- 6 || total
-------------------------+-------+-------++-------
Melee: Spear             |   130 |   341 ||   471
Throw: Javelin           |     1 |       ||     1
 Cast: Infusion          |     2 |     1 ||     3
  Use: Scroll            |     2 |     1 ||     3
       Potion            |       |     2 ||     2
 Stab: Sleeping          |     1 |       ||     1
  Eat: Chunk             |     2 |    10 ||    12
Armor: Leather armour    |    25 |    52 ||    77
Dodge: Dodged            |    60 |   254 ||   314

Vanquished Creatures
  An orc priest (D:2)
  7 adders
  A shadow imp (D:2)
  2 worms (D:2)
  3 dart slugs
  2 leopard geckos (D:1)
  7 orcs
  10 bats
  3 giant cockroaches (D:1)
  12 goblins
  13 hobgoblins
  An iguana (D:3)
  9 jackals
  4 kobolds
  A quokka (D:2)
  2 ball pythons
  4 frilled lizards
  A giant cockroach zombie (D:3)
  7 rats
90 creatures vanquished.
